 Dungeon Crawl Stone Soup version 0.23-a0-373-g305c090 (webtiles) character file.

491 BingusPrime the Slasher (level 6, -1/48 HPs)
             Began as a Vampire Gladiator on Oct 25, 2018.
             Slain by a gnoll
             ... wielding a +0 whip
              (7 damage)
             ... on level 2 of the Dungeon.
             The game lasted 00:18:03 (8173 turns).

BingusPrime the Slasher (Vampire Gladiator)         Turns: 8173, Time: 00:18:04

Health: -1/48      AC:  5    Str: 14    XL:     6   Next: 91%
Magic:  0/6        EV: 13    Int: 10    God:
Gold:   113        SH:  4    Dex: 17    Spells: 5/5 levels left

rFire    . . .     SeeInvis +   a - +0 long sword
rCold    + . .     Gourm    .   d - +0 buckler
rNeg     + + .     Faith    .   b - +0 leather armour
rPois    +         Spirit   +   c - +0 helmet
rElec    .         Reflect  .   (no cloak)
rCorr    .         Harm     .   o - +0 pair of gloves
MR       .....                  (no boots)
Stlth    ++........             i - amulet of guardian spirit
HPRegen  0.08/turn              (no ring)
MPRegen  0.10/turn              (no ring)

@: regenerating slowly, glowing
A: fangs 3, see invisible, unbreathing
a: Bat Form


You were on level 2 of the Dungeon.
You were near bloodless.

You visited 1 branch of the dungeon, and saw 3 of its levels.

You collected 113 gold pieces.

Inventory:

Hand Weapons
 a - a +0 long sword (weapon)
Missiles
 m - 116 stones
 s - a tomahawk (quivered)
Armour
 b - a +0 leather armour (worn)
 c - a +0 helmet (worn)
 d - a +0 buckler (worn)
 o - a +0 pair of gloves (worn)
Jewellery
 i - an amulet of guardian spirit (around neck)
Scrolls
 f - a scroll of fear {unknown}
 n - 3 scrolls of remove curse
Potions
 e - 6 potions of blood
 p - a potion of degeneration {unknown}
 q - a potion of ambrosia {unknown}
 t - a potion of agility {unknown}


   Skills:
 * Level 3.8 Fighting
 + Level 5.0 Long Blades
 + Level 2.3 Throwing
 + Level 1.8 Armour
 + Level 4.2 Dodging
 + Level 2.6 Stealth


You had 5 spell levels left.
You didn't know any spells.
Your spell library was empty.

Dungeon Overview and Level Annotations

Branches:
Dungeon (3/15)

Altars:
Nemelex Xobeh
Ru
Uskayaw
Beogh


Innate Abilities, Weirdness & Mutations

You heal slowly.
You have razor-sharp teeth.
You have supernaturally acute eyesight. (SInv)
You can survive without breathing.


Message History

The gnoll misses you.
You riposte.
You hit the gnoll but do no damage. Your bite misses the gnoll.
You hit the gnoll shaman.
You kill the gnoll shaman!
The gnoll hits you but does no damage. x2; The gnoll hits you with a +0 whip.
Unknown command.
The gnoll misses you. The gnoll hits you but does no damage.
You climb upwards.
There is a stone staircase leading down, spattered with blood here.
You hit the gnoll.
The gnoll is lightly wounded.
The gnoll hits you with a +0 whip!
* * * LOW HITPOINT WARNING * * *
The gnoll hits you with a +0 whip.
* * * LOW HITPOINT WARNING * * *
The gnoll misses you.
Okay, then.
The gnoll hits you but does no damage. x2
The gnoll hits you with a +0 whip!
You die...

#......##.#<......#
#.........#..#.#.##
#........##.......#
#........##.##.#.##
###.####...##.#.....#####
.)...........>.#.#.#....#
....####...##.#g....###.#
....# #.####.##g#.## #.#
....# #.# #.#.@...# #.#
....# #.#
#.##.#.####.####### ###.#
#.# #.#>..............#
....# #.#
##.##.#.####.#####.#
########.###........###.#
#.#
........................#
#.#
.....###.##.........≈...#
#.#
.....###.##.......≈≈♣...#
#.#
......##.##......P≈≈♣≈..#
#.#


You could see 2 gnolls.

Vanquished Creatures
  A gnoll sergeant (D:2)
  A gnoll shaman (D:3)
  A centaur zombie (D:3)
  3 orc priests (D:3)
  Terence (D:3)
  2 orc wizards (D:3)
  Robin (D:2)
  3 adders
  4 gnolls
  An ooze (D:3)
  2 adder skeletons (D:3)
  4 worms
  3 dart slugs
  A leopard gecko (D:3)
  7 orcs (D:3)
  3 bats (D:3)
  2 giant cockroaches (D:2)
  15 goblins
  5 hobgoblins
  17 jackals
  8 kobolds
  2 quokkas (D:3)
  A ball python (D:2)
  3 frilled lizards
  A leopard gecko skeleton (D:2)
  5 rats
97 creatures vanquished.

Notes
Turn   | Place    | Note
-------+----------+-------------------------------------------
     0 | D:1      | BingusPrime the Vampire Gladiator began the quest for the
                  | Orb.
     0 | D:1      | Reached XP level 1. HP: 16/16 MP: 1/1
   636 | D:1      | Reached XP level 2. HP: 22/22 MP: 2/2
   929 | D:2      | Noticed Robin
   940 | D:2      | Reached XP level 3. HP: 21/27 MP: 3/3
  1044 | D:1      | Reached skill level 1 in Stealth
  1125 | D:2      | Killed Robin
  1654 | D:2      | Reached XP level 4. HP: 34/34 MP: 4/4
  1862 | D:3      | Reached skill level 4 in Long Blades
  2269 | D:3      | Reached XP level 5. HP: 13/40 MP: 5/5
  2737 | D:3      | Found a hide-covered altar of Uskayaw.
  2816 | D:3      | Found a sparkling altar of Nemelex Xobeh.
  2859 | D:3      | Found a roughly hewn altar of Beogh.
  2876 | D:3      | Reached skill level 1 in Armour
  3509 | D:3      | Noticed Terence
  4203 | D:3      | Killed Terence
  4441 | D:3      | Reached XP level 6. HP: 45/47 MP: 4/6
  6115 | D:3      | Found a sacrificial altar of Ru.
  7338 | D:2      | Reached skill level 5 in Long Blades
  8173 | D:2      | Slain by a gnoll

Vault maps used:
D:1:      nagdon_arrival_double_spiral
D:2:      cheibrodos_old_hovel, serial_curves, eino_curves_02, eino_curves_01,
          st_stairs_13, serial_bayou_pond_d, uniq_robin
D:3:      lemuel_castle_with_subvaults, nicolae_ru_awakened_eye,
          eat_drink_and_be_merry_uskayaw, nemelex_xobeh_ov_fountains_minmay,
          serial_undead, serial_undead_a, serial_undead_d, serial_undead_e,
          serial_undead_a, serial_undead_e, serial_undead_e,
          kennysheep_orc_chapel, uniq_terence

Skill      XL: |  1  2  3  4  5  6 |
---------------+-------------------+-----
Fighting       | 2 3 |  3.8
Stealth        | 1 2 |  2.6
Long Blades    | 4 5 |  5.0
Throwing       | 2 |  2.3
Armour         | 1 |  1.8
Dodging        | 4 |  4.2

Action                   |  1- 3 |  4- 6 || total
-------------------------+-------+-------++-------
Melee: Long sword        |    92 |   211 ||   303
       Bite              |     7 |    35 ||    42
       Unarmed           |       |     2 ||     2
Throw: Tomahawk          |    11 |    16 ||    27
       Throwing net      |     3 |       ||     3
       Stone             |       |    14 ||    14
 Abil: End Transformatio |       |     3 ||     3
       Bat Form          |       |     3 ||     3
  Use: Scroll            |     2 |     1 ||     3
       Potion            |     2 |    19 ||    21
 Stab: Sleeping          |     2 |     3 ||     5
       Distracted        |     1 |       ||     1
       Held in net/web   |     1 |       ||     1
Armor: Leather armour    |    25 |    69 ||    94
Dodge: Dodged            |    72 |   191 ||   263
Block: Buckler           |       |     5 ||     5
       Rpst.: Long sword |    17 |    57 ||    74

Table legend:
 A = Non-vault XP
 B = Vault XP
 C = Vault XP percentage of total XP
 D = Non-vault monster count
 E = Vault monster count
 F = Vault count percentage of total count
                 A         B        C        D         E       F
            +---------+---------+-------+---------+---------+-------
      Total |     257 |     445 |  63.4 |      55 |      42 |  43.3
            +---------+---------+-------+---------+---------+-------
        D:1 |      13 |       9 |  40.9 |       7 |       5 |  41.7
        D:2 |      46 |     161 |  77.8 |      18 |      13 |  41.9
        D:3 |     198 |     275 |  58.1 |      30 |      24 |  44.4
            +---------+---------+-------+---------+---------+-------
